[Event "Romanian Team Blitz Women 2022"]
[Site "Sebes"]
[Date "2022.12.04"]
[Round "1.1"]
[White "Bulmaga, Irina"]
[Black "Voicu-Jagodzinsky, Carmen"]
[Result "1-0"]
[ECO "B46"]
[WhiteElo "2426"]
[BlackElo "2300"]
[Annotator "TA"]
[PlyCount "143"]
[EventDate "2022.12.04"]
[EventType "blitz"]
[EventCountry "ROU"]
[SourceTitle "playchess.com"]
[Source "ChessBase"]
[SourceQuality "1"]
[TimeControl "180+2"]

1. e4 c5 2. Nf3 Nc6 3. Nc3 a6 4. d4 cxd4 5. Nxd4 e6 6. Bf4 d6 7. Nxc6 {[%emt 0:00:00] B46: Sicilian: Taimanov: 5 Nc3 a6.} bxc6 8. Qd2 e5 9. Bg5 {[%emt 0:00:00][%cal Bf4g5,Bg5h4,Bh4g3,Bg3f2][%mdl 32] White is slightly better. 9.Bg5 was played by the boomers.} Nf6 10. O-O-O h6 11. Bh4 g5 12. Bg3 {[%emt 0:00:00] [#]} Be7 $146 ({Predecessor:} 12... Be6 13. h4 g4 14. f3 Qa5 15. b3 Be7 16. Na4 Qxd2+ 17. Rxd2 Nd7 18. c4 f5 19. exf5 Bxf5 {½-½ (75) Duessler,S (2115)-Wagner Michel,A (2120) Germany 2019}) 13. Bc4 a5 14. Kb1 a4 15. a3 Qa5 (15... Qb6 $142) 16. f3 (16. h4 $142 g4 17. f4) 16... Nh5 (16... Be6 $142 17. Bxe6 fxe6) 17. Bf2 $16 Nf4 18. g3 Ne6 19. Ka1 {[%emt 0:00:00] White is more active.} Ba6 20. Qd3 (20. Ba2 $16) 20... Bxc4 $11 21. Qxc4 Qa6 22. Qxa6 Rxa6 23. Nb1 Kd7 24. Nd2 Kc7 25. Nc4 {[%emt 0:00:00] Inhibits d5.} Rd8 26. Rd2 (26. Kb1 $5) 26... f6 27. Rhd1 h5 28. Ne3 {[%emt 0:00:00] Against g4} Bf8 29. Nf5 g4 30. fxg4 hxg4 31. Rd3 (31. Be3 $14) 31... Ng5 $15 32. Re1 Nf3 (32... Kd7 $5 ) 33. Red1 Nxh2 34. Bc5 $36 {[%emt 0:00:00][%cal Rc5d6][%mdl 2112] White has good play.} Nf3 35. Bxd6+ Bxd6 36. Rxd6 Rxd6 37. Rxd6 $11 {[%emt 0:00:00][%mdl 4096] Endgame KRN-KRN} Ra8 (37... Nd4 $5 38. Rxf6 Nxc2+ 39. Kb1 Nd4 $14) 38. Rxf6 Rd8 39. Rg6 (39. Ka2 $14) 39... Rd1+ 40. Ka2 Rd2 41. Rxg4 Rxc2 42. Rg7+ Kb6 43. Rg8 Ne1 (43... Re2 $11) 44. Kb1 (44. Ne3 $1 $16 Rc1 45. Rd8) 44... Rg2 45. Rd8 Nf3 46. Ne3 Re2 47. Nc4+ Kc5 {[%emt 0:00:01][%mdl 1024] Black has compensation.} 48. Na5 Nd4 {[%emt 0:00:03] Hoping for ...Kb5.} 49. Nb7+ $2 (49. Rb8 $1 $11) 49... Kc4 $2 ({Black should play} 49... Kb6 $19 {( -> ...Re1+)} 50. Ra8 Kxb7 51. Rxa4 Rxe4) 50. Na5+ $2 (50. Ra8 $11 {and White is okay.}) 50... Kd3 $2 ({Black should try} 50... Kb5 $19 51. Ra8 Rxe4) 51. Nxc6 $15 Re1+ (51... Kxe4 $15 52. Nxd4 exd4) 52. Ka2 $11 Rg1 $2 (52... Kxe4 $2 53. Nxd4 Rd1 54. Ne6 $18) (52... Ke3 $11 53. Nb4 (53. Nxe5 $2 {perishes.} Nb3 $19) 53... Kxe4) 53. Nxe5+ $18 Ke3 {[%emt 0:00:02] [#] And now ...Nb3 would win.} 54. Nc4+ $2 (54. Rxd4 $1 Rg2 (54... Kf2 55. Rxa4) 55. Rxa4 Rxg3 56. Rc4) 54... Kxe4 $2 (54... Kd3 55. Nb6 Kxe4 56. Nxa4 Nc6) 55. Re8+ $2 (55. Nd2+ Ke3 {[#]} 56. Rxd4 $1 ) 55... Kd3 56. Ne5+ Kc2 $2 (56... Ke4) 57. Rc8+ Kd1 58. g4 $2 (58. Rd8 $18 Rg2 59. Rxd4+ Kc2 60. Rxa4) 58... Nc2 (58... Nb3 $1 $11) 59. b4 axb3+ 60. Kxb3 Nd4+ (60... Rg3+ 61. Rc3 Rxc3+ 62. Kxc3 Nxa3) 61. Kb4 (61. Kc3 $142 Ne2+ 62. Kb4) 61... Ke2 (61... Nc2+ {is a better defense.} 62. Kb3 Rg3+ 63. Rc3 Rxc3+ 64. Kxc3 Nxa3) 62. Rd8 (62. Rc4 $142 Rb1+ 63. Kc5 Ne6+ 64. Kd5) 62... Nc2+ $2 (62... Ne6) 63. Kb3 Ne3 64. a4 Rb1+ 65. Kc3 Rc1+ (65... Nd1+ {was worth a try.} 66. Kc4 Ne3+ 67. Kc5 Rc1+ 68. Kb6 Rb1+ 69. Ka5 Rc1) 66. Kb4 Rb1+ 67. Kc5 Ra1 68. Ra8 Rc1+ 69. Kb5 Rb1+ 70. Ka5 Rg1 71. Re8 {[%emt 0:00:02] Nc4 is the strong threat.} Kd2 $2 (71... Nd5 $18 72. g5 Nc7) 72. Nf3+ {[%emt 0:00:02] Never resign too early!   Weighted Error Value: White=0.73/Black=0.60} 1-0

[Event "Romanian Team Blitz Women 2022"]
[Site "Sebes"]
[Date "2022.12.04"]
[Round "1.2"]
[White "Ionica, Iulia-Ionela"]
[Black "Cosma, Elena-Luminita"]
[Result "1/2-1/2"]
[ECO "C01"]
[WhiteElo "2177"]
[BlackElo "2244"]
[Annotator "TA"]
[PlyCount "127"]
[EventDate "2022.12.04"]
[EventType "blitz"]
[EventCountry "ROU"]
[SourceTitle "playchess.com"]
[Source "ChessBase"]
[SourceQuality "1"]
[TimeControl "180+2"]

1. e4 e6 2. d4 d5 3. Nc3 Nf6 4. exd5 exd5 5. Bg5 c6 6. Qd2 {[%emt 0:00:03] C01: French: Exchange Variation.} h6 7. Bf4 {[%emt 0:00:16] [#]} Bd6 $146 ({Predecessor:} 7... Bb4 8. Bd3 O-O 9. Nge2 c5 10. dxc5 Kh8 11. a3 Bxc5 12. O-O Nc6 13. Rad1 Be6 14. h3 a6 15. Ng3 b5 16. Bxh6 gxh6 17. Qxh6+ Kg8 18. Nh5 {1-0 (18) Voicu Jagodzinsky,C (2247)-Stangl,A (2005) Magdeburg 2021}) 8. O-O-O Bxf4 9. Qxf4 Be6 10. Bd3 Nbd7 11. Nf3 Qb8 (11... Nh5 $5 12. Qd6 Ndf6 $11) 12. Qd2 Qd6 13. Rde1 O-O-O 14. Ne5 Qc7 15. f4 {[%emt 0:00:03][%cal Bf2f4,Bf4f5,Bf5e6][%mdl 32] aiming for f5.} Nxe5 $1 16. dxe5 (16. fxe5 $14 {is more appropriate.} Nd7 17. Rhf1) 16... Ng8 (16... d4 $1 $11 17. Nd1 Nd7) 17. f5 Bd7 18. e6 fxe6 19. fxe6 Be8 20. Bf5 (20. Qf2 $14) 20... Ne7 $11 21. Bh3 Bg6 22. Qd4 Kb8 23. Rhf1 Rhg8 24. Na4 b6 $1 {[%emt 0:00:08] Against Nc5} 25. Nc3 Qd6 ({Better is} 25... Qxh2 $15 26. Kb1 Qc7) 26. Qe5 (26. g3 $1 $14 {stays ahead.}) 26... Qxe5 $17 27. Rxe5 Kc7 28. Ne2 (28. Ree1 $142) 28... Kd6 29. Re3 Rgf8 $36 {[%emt 0:00:01][%mdl 2048] Black has strong initiative.} 30. Ref3 Rxf3 31. Rxf3 Rc8 32. Re3 ({White should try} 32. g4) 32... Rf8 33. Kd2 Bf5 34. Nd4 (34. Rf3 $17 Rf6 35. Bxf5 Rxf5 36. Rxf5 Nxf5 37. g4) 34... Bxh3 $19 35. Rxh3 {[%emt 0:00:04][%mdl 4096] Endgame KRN-KRN} (35. gxh3 {was worth a try.} Rf2+ 36. Re2) 35... c5 (35... Rf2+ $19 36. Kd3 Rxg2) 36. Nf3 (36. Nb5+ $17 Kxe6 37. Re3+ Kd7 38. Nxa7) 36... Kxe6 37. Rh5 Nf5 38. g4 (38. Rh3 $142) 38... Nd6 39. Re5+ Kd7 40. Ke2 d4 41. g5 (41. b4 $142) 41... hxg5 (41... Nc4 $19 {is more deadly.} 42. Re4 Nxb2 43. gxh6 gxh6) 42. Rxg5 $17 Rf7 $2 (42... Re8+ $17 {stays on course.} 43. Kd1 Re7) 43. Ne5+ $18 Ke6 {[%emt 0:00:01] White must now prevent ...Rf5.} 44. Nxf7 Nxf7 (44... Kxf7 45. Kd3 Kf6) 45. Rxg7 {[%emt 0:00:01] KR-KN} Kf6 {[%emt 0:00:02] [#]} 46. Rg4 (46. Rxf7+ $142 $1 Kxf7 47. Kd3) 46... Ne5 47. Re4 {[%emt 0:00:02][%cal Oe4e5] Rxe5! is the strong threat.} Kf5 {[%emt 0:00:01] [#]} (47... Nc6 $142 48. Rf4+ Kg7 49. Rg4+ Kf7) 48. Rxe5+ $1 Kxe5 {[%emt 0:00:01] KP-KP} (48... Kf6 49. Rh5) 49. Kd3 Kd5 50. h4 c4+ {[%emt 0:00:01] [#]} 51. Kd2 $2 ({White has to play} 51. Ke2 $1 $18 a6 52. b3) 51... Ke4 $11 {[%emt 0:00:01] The position is equal.} 52. Ke2 (52. h5 $5 Kf5 $8 53. Ke2 $11) 52... Kf4 53. b3 (53. h5 $5 Kg5 $8 54. b3 $11) 53... b5 54. a4 (54. h5 $5 Kg5 $8 55. bxc4 bxc4 56. Kf3 Kxh5 57. Ke4 $11) 54... a6 55. axb5 axb5 56. bxc4 bxc4 {[%emt 0:00:01] KPP-KPP} 57. h5 {[%emt 0:00:03] White threatens h6 and mate.} Kg5 {[%emt 0:00:01] Against h6} 58. Kf3 Kxh5 {[%emt 0:00:03] KPP-KP} 59. Ke4 d3 60. Ke3 dxc2 {[%emt 0:00:32] ( -> ...c3)} 61. Kd2 {[%cal Be3d2,Bd2c2,Bc2c3,Bc3c4][%mdl 32] Prevents c3+.} Kg4 62. Kxc2 Kf5 63. Kc3 Ke5 64. Kxc4 {[%emt 0:00:21] Black escapes into a draw.   Weighted Error Value: White=0.40/Black=0.29 (precise)} 1/2-1/2

[Event "Romanian Team Blitz Women 2022"]
[Site "Sebes"]
[Date "2022.12.04"]
[Round "1.3"]
[White "Ciolacu, Alessia-Mihaela"]
[Black "Bucur, Denisa-Andreea"]
[Result "1-0"]
[ECO "D27"]
[WhiteElo "2097"]
[BlackElo "1953"]
[Annotator "TA"]
[PlyCount "65"]
[EventDate "2022.12.04"]
[EventType "blitz"]
[EventCountry "ROU"]
[SourceTitle "playchess.com"]
[Source "ChessBase"]
[SourceQuality "1"]
[TimeControl "180+2"]

1. d4 d5 2. c4 dxc4 3. e3 Nf6 4. Nf3 e6 5. Bxc4 a6 6. O-O Nbd7 7. a4 c5 8. Nc3 cxd4 {[%emt 0:00:11] D27: Queen's Gambit Accepted: Classical main line: 7 e4!? and 7 a4.} 9. exd4 Nb6 10. Bb3 {[%emt 0:00:21] a5 is the strong threat.} Nbd5 {[%emt 0:00:24] [#] White is slightly better.} 11. a5 $146 ({Predecessor:} 11. Bg5 Be7 12. Ne5 O-O 13. Qf3 Nb4 14. Rad1 Nc6 15. Rfe1 Qb6 16. Ne4 Nxd4 17. Rxd4 Qxd4 18. Nxf6+ gxf6 19. Bxf6 Bxf6 20. Qxf6 {1-0 (32) Shinkevich,V (2518)-Pushin,V (2338) Izhevsk 2009}) 11... Bb4 12. Bxd5 Bxc3 (12... Nxd5 $14 13. Qa4+ Bd7) 13. Bxe6 (13. bxc3 $142 Qxd5 14. Ne5) 13... Bxe6 $16 14. bxc3 O-O 15. Ne5 Rc8 16. Ba3 (16. Qd3 $14) 16... Re8 $11 17. Bc5 (17. Bb4 {simplifies} Nd5 18. Qd2 Nxb4 19. cxb4 Qd6 20. Rac1) 17... Qd5 (17... Ne4 $11) 18. c4 $36 {[%emt 0:00:06][%mdl 2048] White has strong initiative. White stays focused until the end.} Qe4 19. Re1 Qh4 20. Ra3 {[%emt 0:00:13] Threatens to win with Rae3.} Bg4 (20... Rxc5 $2 21. dxc5 h5 22. Rb3 $18) (20... Nd7 $16) 21. f3 {[%emt 0:00:30] [#] Black must now prevent g3.} Bf5 (21... Be6 $142 22. g3 Qg5) 22. Rae3 $18 Red8 (22... Qg5 $142 23. g3 Nh5) 23. Qb3 h5 24. Qxb7 {[%emt 0:00:03] White is clearly winning.} Be6 25. Bb6 Rb8 26. Qxa6 Rxd4 27. Bxd4 Qxd4 28. Nc6 Bxc4 {[%emt 0:00:04] [#] And now ...Qxe3+ would win.} 29. Nxd4 Bxa6 30. Rb3 {[%emt 0:00:04] Against Rb4} Rd8 31. Nc6 Rd5 32. Rb6 {[%emt 0:00:03] Hoping for Ne7+.} Bc4 33. Ne7+ {[%emt 0:00:02] Weighted Error Value: White=0.26 (precise) /Black=0.51} 1-0

[Event "Romanian Team Blitz Women 2022"]
[Site "Sebes"]
[Date "2022.12.04"]
[Round "1.4"]
[White "Peptan, Corina-Isabela"]
[Black "Sariteanu, Sabina"]
[Result "1-0"]
[ECO "A34"]
[WhiteElo "2351"]
[BlackElo "1752"]
[Annotator "TA"]
[PlyCount "69"]
[EventDate "2022.12.04"]
[EventType "blitz"]
[EventCountry "ROU"]
[SourceTitle "playchess.com"]
[Source "ChessBase"]
[SourceQuality "1"]
[TimeControl "180+2"]

1. d4 Nf6 2. c4 d6 3. Nc3 g6 4. g3 Bg7 5. Bg2 O-O 6. e3 c5 7. Nge2 Na6 8. O-O Nc7 {[%emt 0:00:01] A34: Symmetrical English: 2 Nc3, lines with ...d5.} 9. b3 a6 (9... Rb8 $14 {feels stronger.}) 10. Bb2 ({White should play} 10. dxc5 $16 dxc5 11. Qxd8 Rxd8 12. Ba3) 10... Rb8 {[%emt 0:00:01] [#] White is slightly better.} 11. Rc1 $146 ({Predecessor:} 11. dxc5 dxc5 12. Na4 Qxd1 13. Raxd1 b6 14. Rd2 Bb7 15. Bxb7 Rxb7 16. Bxf6 Bxf6 17. Rd7 {0-1 (63) Krasenkova,I (2171)-Jedryczka,K (2265) Warsaw 2008}) 11... b5 12. cxb5 ({Better is} 12. dxc5 $16 dxc5 13. Nd5) 12... axb5 $11 13. dxc5 dxc5 14. Nf4 e6 (14... e5 $11 15. Nfd5 Nfxd5 16. Nxd5 Nxd5 17. Bxd5 (17. Qxd5 c4 $11) 17... Bh3) 15. Qe2 (15. Qc2 {looks sharper.} Qe7 16. Nce2 Na6 17. Be5) 15... Qe7 16. Rfd1 Ba6 {[%emt 0:00:06] [#] ...b4 is the strong threat.} 17. Qc2 g5 (17... c4 $11 {remains equal.}) 18. Nfe2 {[%emt 0:00:03] White has more active pieces.} (18. Nd3 $16) 18... Ng4 (18... Rfc8 $11) 19. Ne4 $16 c4 $2 (19... Bxb2 $16 20. Qxb2 Bb7) 20. Bxg7 $18 Kxg7 21. Qc3+ (21. Nd4 $142 Ne5 22. f4 gxf4 23. gxf4) 21... f6 (21... e5 {was called for.} 22. bxc4 bxc4) 22. bxc4 (22. Nxg5 b4 23. Qd4 Nxf2 24. Kxf2 e5 $14) 22... bxc4 23. Nxg5 {[%emt 0:00:04][%cal Oe2d4] aiming for Nd4!} Nd5 $2 {[%emt 0:00:04] [#]} (23... Kh8 24. Nf3 Nd5) 24. Qa1 $2 ({But not} 24. Bxd5 exd5 25. Nd4 (25. Rxd5 Kg8 $16) 25... Kg8 $18) (24. Nxe6+ $1 $18 Qxe6 25. Bxd5) 24... c3 $2 {[%emt 0:00:04] Loses the game.} (24... Kh8 $16) 25. Nxc3 Nxc3 (25... Ndxe3 $2 26. fxe3 Kg8 27. Bh3) 26. Qxc3 Rfc8 27. Qd4 Rxc1 28. Rxc1 {[%emt 0:00:02] Black must now prevent Nxe6+. Dancing on a razor blade.} Ne5 29. Nf3 Nd3 30. Rd1 e5 31. Qg4+ Kh8 32. Nh4 Rb2 $2 (32... Rg8 33. Qf3 Nc5) 33. Nf5 Nxf2 (33... Qf8 $18 34. a4 e4) 34. Rd8+ Qxd8 35. Qg7# {[%emt 0:00:01] Weighted Error Value: White=0.71/Black=0.93} 1-0

[Event "Romanian Team Blitz Women 2022"]
[Site "Sebes"]
[Date "2022.12.04"]
[Round "1.5"]
[White "Chicarosie, Ioana-Bianca"]
[Black "Ionescu, Irina"]
[Result "1/2-1/2"]
[ECO "D12"]
[WhiteElo "1815"]
[BlackElo "2119"]
[Annotator "TA"]
[PlyCount "122"]
[EventDate "2022.12.04"]
[EventType "blitz"]
[EventCountry "ROU"]
[SourceTitle "playchess.com"]
[Source "ChessBase"]
[SourceQuality "1"]
[TimeControl "180+2"]

1. d4 d5 2. Nf3 Nf6 3. Nbd2 c6 4. e3 Bf5 5. c4 e6 6. Be2 h6 {[%emt 0:00:06] D12: Slav Defence: 3 Nf3 Nf6 4 e3 Bf5.} 7. Qb3 Qb6 {[%emt 0:00:22] [#]} 8. c5 $146 ({Predecessor:} 8. O-O Nbd7 9. a4 a5 10. c5 Qc7 11. Bd3 g6 12. Re1 b6 13. cxb6 Qxb6 14. Qxb6 Nxb6 15. Bxf5 gxf5 {0-1 (43) Vestby Ellingsen,M (2371)-Sarana,A (2675) Chess.com INT 2022}) 8... Qc7 {[%emt 0:00:03] Black has an edge.} 9. Ne5 (9. Bd3 $11) 9... Be7 (9... b6 {seems wilder.} 10. e4 dxe4 11. Qg3 bxc5 12. dxc5 e3) 10. Bd3 Nbd7 11. Bxf5 exf5 12. Ndf3 (12. Nxd7 {simplifies} Qxd7 13. O-O O-O 14. Qc2) 12... O-O (12... Nxe5 $5 13. Nxe5 Bxc5 $1 $15) 13. Qc2 Ne4 (13... Bxc5 {simplifies} 14. Nxc6 Qxc6 15. dxc5 Qxc5 16. Qxc5 Nxc5 17. Nd4 g6) 14. Nxd7 Qxd7 15. Ne5 Qe6 16. f3 {[%emt 0:00:06] [#]} (16. Nd3 $11 {remains equal.}) 16... Nxc5 $1 $17 17. O-O (17. Bd2 Nd7) 17... Nd7 18. Nxd7 Qxd7 19. Bd2 b6 20. b4 a5 21. a3 axb4 22. axb4 Rac8 23. Qb2 Bf6 24. Bc3 Qd6 25. Ra6 Qc7 26. Rfa1 Rb8 27. Qc2 g6 28. Qd3 Rfe8 29. g3 Qe7 30. Bd2 {[%emt 0:00:01] [#]} (30. Re1 $17) 30... c5 $1 $19 31. bxc5 bxc5 32. R6a5 cxd4 33. exd4 Qd7 (33... Qe2 $19 34. Qxe2 Rxe2) 34. Ra7 Rb7 (34... Qb5 $19 35. Qxb5 Bxd4+ 36. Kf1 Rxb5) 35. R7a2 (35. Rxb7 $17 Qxb7 36. Ra5) 35... Kg7 36. Kg2 Qe7 37. Kf2 {[%emt 0:00:02] Inhibits Qe2+.} (37. Re1 $17 Qd7 38. Rxe8 Qxe8 39. Be3) 37... Bg5 (37... Reb8 $19 38. Re1 Qd8) 38. Ra5 $2 (38. Re1 $17 Qd7 39. Rxe8 Qxe8 40. Qe2) 38... Bxd2 39. Qxd2 Qd7 40. R1a2 (40. R5a2 $17 {is a better defense.}) 40... Qc6 41. Rc5 Qd6 42. Rac2 Rbe7 (42... Rb3 {simplifies} 43. R5c3 Rxc3 44. Qxc3 Qa6) 43. Rc6 (43. Qa5 $17) 43... Qd8 44. h3 (44. Qc1 $17 {was worth a try.}) 44... g5 (44... Re3 $19 {[%cal Of5f4] Threatens to win with ...f4!} 45. f4 (45. Qxe3 $2 {loses.} Rxe3 46. Kxe3 Qg5+ 47. Kf2 f4 $19) 45... Qe7) 45. R2c5 $2 {[%emt 0:00:03] Against f4} (45. Qb4 $17 {was called for.}) 45... Re2+ 46. Qxe2 Rxe2+ 47. Kxe2 {[%emt 0:00:01][%mdl 4096] Endgame KQ-KRR} Qe8+ 48. Kf2 Qa8 ({Black should try} 48... Qb8 $19 49. Rc2 h5) 49. Rc8 {[%emt 0:00:03] Prevents h5.} (49. g4 $17) 49... Qa2+ 50. Rc2 Qa1 51. R8c3 $2 (51. Kg2 $17) 51... Qa4 ({Better is} 51... Qh1 $19 {And now ...Qh2+ would win.} 52. f4 Qxh3) 52. Ke3 (52. Rd2 $17) 52... Qe8+ (52... Qb4 $19 53. Rc1 Qd6) 53. Kf2 $17 Qa4 (53... f4 $17 54. gxf4 gxf4) 54. Ke3 $1 $19 Qe8+ (54... Qb4 $19 55. Rc1 Qd6) 55. Kf2 $17 Qa4 (55... f4 $17 56. gxf4 gxf4) 56. Ke3 $1 $19 Qa1 ({Black should play} 56... Qb4 $19 {...h5 is the strong threat.} 57. Rc1 h5) 57. Rc1 $2 (57. Kf2 $1 $11 {and White is okay.}) 57... Qb2 {[%emt 0:00:02] Black is clearly better.} 58. R1c2 {[%emt 0:00:02] Against Qg2} Qb1 59. Rc1 {[%emt 0:00:00] Inhibits Qe1+.} Qb6 60. Rc5 (60. h4 $17) 60... Qb3+ 61. R1c3 Qb1 {[%emt 0:00:14] Weighted Error Value: White=0.42/Black=0.50} 1/2-1/2

[Event "Romanian Team Blitz Women 2022"]
[Site "Sebes"]
[Date "2022.12.04"]
[Round "1.6"]
[White "Schiopu, Andreea-Alexandra"]
[Black "Hoanca, Alexia-Ioana"]
[Result "1-0"]
[ECO "D02"]
[WhiteElo "1716"]
[BlackElo "1644"]
[Annotator "NA RC COMBH"]
[PlyCount "123"]
[EventDate "2022.12.04"]
[EventType "blitz"]
[EventCountry "ROU"]
[SourceTitle "playchess.com"]
[Source "ChessBase"]
[SourceQuality "1"]
[TimeControl "180+2"]

1. Nf3 Nf6 2. d4 c5 3. c3 b6 4. Bf4 Bb7 5. e3 g6 6. Be2 Bg7 7. Nbd2 O-O 8. O-O d5 9. h3 Nbd7 10. Bh2 Ne4 11. Bd3 Nxd2 12. Qxd2 Re8 13. Rfd1 e5 14. dxe5 Nxe5 15. Nxe5 Bxe5 16. Bb5 Bxh2+ 17. Kxh2 Qc7+ 18. Kg1 Red8 19. Qe2 a6 20. Bd3 Rd6 21. Rd2 Rad8 22. Bxa6 Bxa6 23. Qxa6 Qe7 24. Rad1 Qe8 25. Qd3 Qa4 26. b3 Qe8 27. Qe2 Qe5 28. c4 d4 29. exd4 Qxe2 30. Rxe2 Rxd4 31. Rxd4 Rxd4 32. Kh2 Kf8 33. Kg3 f5 34. Re6 Rd2 35. Rxb6 Rxa2 36. Rb5 Rb2 37. Kf3 Ke7 38. Rb6 Kd7 39. Rb5 Kc6 40. Ke3 Rc2 41. Rb8 Rc3+ 42. Kd2 Kc7 43. Rb5 Rxh3 44. gxh3 g5 45. Rxc5+ Kd6 46. Rxf5 Ke6 47. Rxg5 Kd6 48. Rh5 h6 49. Rxh6+ Kc5 50. f4 Kb4 51. f5 Kxb3 52. c5 Kc4 53. c6 Kd4 54. c7 Ke5 55. f6 Kf4 56. c8=Q Ke5 57. Qc5+ Kf4 58. Qe3+ Kf5 59. Rh5+ Kxf6 60. Rh4 Kf5 61. Rf4+ Kg5 62. Qg3+ 1-0

[Event "Romanian Team Blitz Women 2022"]
[Site "Sebes"]
[Date "2022.12.04"]
[Round "2.1"]
[White "Voicu-Jagodzinsky, Carmen"]
[Black "Sariteanu, Sabina"]
[Result "0-1"]
[ECO "B23"]
[WhiteElo "2300"]
[BlackElo "1752"]
[Annotator "TA"]
[PlyCount "66"]
[EventDate "2022.12.04"]
[EventType "blitz"]
[EventCountry "ROU"]
[SourceTitle "playchess.com"]
[Source "ChessBase"]
[SourceQuality "1"]
[TimeControl "180+2"]

1. e4 c5 2. Nc3 Nc6 3. f4 d6 4. Nf3 g6 5. Bb5 Bd7 6. O-O Bg7 7. d3 a6 {[%emt 0:00:00] B23: Closed Sicilian: Lines without g3.} 8. Bc4 b5 {[%emt 0:00:00] Against e5} 9. Bb3 Nh6 {[%emt 0:00:00] [#] The position is equal.} 10. a3 $146 ({Predecessor:} 10. f5 gxf5 11. Nh4 f4 12. Bxf4 Ng4 13. Nf5 Bxf5 14. exf5 h5 15. Qe1 Nd4 16. Kh1 Nxb3 17. axb3 {1-0 (25) Lupienski,E (1970)-Latas,P (2054) ICCF email 2007}) 10... O-O 11. Qe1 e6 {[%emt 0:00:00] Prevents f5.} 12. Kh1 Kh8 13. h3 Na5 14. Ba2 f5 15. Ng5 c4 16. Be3 (16. Qh4 $16) 16... Nf7 17. Nf3 Bc6 18. Rd1 d5 (18... fxe4 $14 19. dxe4 Bb7) 19. Nd4 Qd7 20. e5 g5 (20... Rfc8 $142) 21. g3 (21. fxg5 $6 Nxe5 22. Nce2 Nb7 $16) ({White should try} 21. Nce2 $16 Nb7 22. fxg5) 21... cxd3 22. cxd3 Bb7 23. b4 (23. fxg5 Nc6 $11) 23... Nc6 24. Rc1 (24. fxg5 $2 {too greedy.} Bxe5 25. Nce2 f4 26. gxf4 (26. Bxf4 $2 {perishes.} Bxd4 27. Nxd4 Nxd4 $19) 26... Bxd4 27. Nxd4 (27. Bxd4+ $2 Nxd4 28. Nxd4 e5 $19) 27... e5 $19) ({Better is} 24. Nce2 $11) 24... Bh6 (24... gxf4 $1 $15 {stays ahead.} 25. gxf4 Nfd8) 25. Qf2 Rg8 26. Nb3 $2 {[%emt 0:00:09][%mdl 8192] [#] This move loses the game for White.} (26. Nce2 $14) 26... d4 $19 27. Nc5 dxe3 ({Stronger than} 27... Ncxe5+ 28. Kh2 dxe3 29. fxe5 exf2 30. Nxd7 $19) 28. Qxe3 Nxb4+ 29. Kh2 Qc6 {[%emt 0:00:02][%csl Gb7][%cal Rc6g2] [#]} 30. Qf2 {[%emt 0:00:08] Against Qg2+} Nxa2 31. Nxa2 gxf4 32. g4 fxg4 33. Ne4 g3+ {[%emt 0:00:00] Weighted Error Value: White=1.29/Black=0.36} 0-1

[Event "Romanian Team Blitz Women 2022"]
[Site "Sebes"]
[Date "2022.12.04"]
[Round "2.2"]
[White "Chicarosie, Ioana-Bianca"]
[Black "Visanescu, Daria-Ioana"]
[Result "0-1"]
[ECO "E07"]
[WhiteElo "1815"]
[BlackElo "2117"]
[Annotator "TA"]
[PlyCount "98"]
[EventDate "2022.12.04"]
[EventType "blitz"]
[EventCountry "ROU"]
[SourceTitle "playchess.com"]
[Source "ChessBase"]
[SourceQuality "1"]
[TimeControl "180+2"]

1. d4 d5 2. Nf3 Nf6 3. g3 e6 4. Bg2 Be7 5. O-O O-O 6. c4 c6 7. Nc3 Nbd7 8. Re1 {[%emt 0:00:09] 8.Qd3 is the modern continuation. E07: Closed Catalan: Main Line (5 Nf3 0-0 6 0-0 Nbd7).} (8. Qd3 $142) 8... b6 (8... dxc4 $5 9. e4 Bb4 $11) 9. e4 dxe4 10. Nxe4 {[%emt 0:00:01] The position is equal.} Nxe4 11. Rxe4 Bb7 12. Re1 Nf6 ({Better is} 12... c5 $11) 13. Ne5 $14 Rc8 {[%emt 0:00:01] [#]} 14. Bg5 $146 (14. Bf4 $5 ) ({Predecessor:} 14. Be3 Ba8 15. Qa4 Qc7 16. Nd3 Rfd8 17. Nb4 Bxb4 18. Qxb4 c5 19. dxc5 bxc5 20. Qc3 Rb8 21. Bf4 {1-0 (43) Smith,A (1667)-Smith,M (1673) Kingston 2018}) 14... h6 15. Be3 Qc7 16. Qa4 Rfd8 17. Rad1 (17. Qxa7 $2 {loses.} Ra8 $19) 17... a6 (17... Bd6 $11 {keeps the balance.}) 18. Bf4 $16 {[%emt 0:00:17][%cal Oe5f7] Hoping for Nxf7!} b5 19. Qc2 {[%emt 0:00:14][%cal Oe5f7] Black must now prevent Nxf7!} (19. Qb3 {simplifies} Bd6 20. c5 Bxe5 21. Bxe5 Qe7 22. a4) 19... Qb6 $2 (19... Bb4 $14) 20. Be3 $2 (20. c5 $18 {is more deadly.} Qa7 21. Nxf7 $1 Kxf7 22. Bh3 (22. Qe2 Re8 $16)) 20... Qa5 21. b3 Ba8 (21... Bb4 $14 22. Rf1 Qc7) 22. Rd3 $2 Nd7 $2 (22... Qxe1+ $19 23. Bf1 c5) 23. Bd2 Qb6 (23... Bb4 $11 {remains equal.}) 24. Be3 (24. c5 $16 Qa7 25. Bf4) 24... Nxe5 25. dxe5 Bc5 26. Rxd8+ (26. Bxc5 {seems wilder.} Qxc5 27. Rxd8+ Rxd8 28. Rd1) 26... Rxd8 27. cxb5 (27. Bxc5 $1 $14 Qxc5 28. Rd1) 27... Bxe3 28. Rxe3 cxb5 29. Bxa8 Rxa8 $14 {[%emt 0:00:00][%mdl 4096] Endgame KQR-KQR} 30. Rd3 Rd8 31. Qd2 Rxd3 32. Qxd3 $11 {[%emt 0:00:01] KQ-KQ} Qc7 33. Qd6 $2 {[%emt 0:00:08][%mdl 8192] [#]} (33. Qf3 $11) 33... Qxd6 $1 $19 34. exd6 {KP-KP} Kf8 35. Kf1 Ke8 36. Ke2 Kd7 37. Ke3 Kxd6 38. Kd4 e5+ 39. Ke4 g6 40. g4 f6 {[%emt 0:00:08][%cal Bf7f6,Bf6f5,Bf5f4][%mdl 32] And now ...b4 would win.} 41. h4 a5 42. f3 Kc5 $2 (42... h5 43. Kd3 hxg4 44. fxg4 f5 45. gxf5 gxf5) 43. a3 $2 (43. g5 fxg5 44. hxg5 hxg5 45. Kxe5) 43... Kd6 (43... b4 $142 44. a4 h5 45. gxh5 gxh5) 44. Kd3 Kd5 {[%emt 0:00:01] Black mates.} 45. Ke3 f5 46. h5 f4+ 47. Kd3 gxh5 48. gxh5 Ke6 49. Ke4 Kf6 {[%emt 0:00:08] Black used his chance.   Weighted Error Value: White=1.10/Black=0.73} 0-1